 Dungeon Crawl Stone Soup version 0.30.1-11-g7821555f0a (webtiles) character file.

Game seed: 3045125646976025845

21525 jfcaron the Covert (level 12, -5/95 HPs)
             Began as a Gnoll Brigand on Nov 3, 2023.
             Was the Champion of Cheibriados.
             Killed by an exploding butterfly (21 damage)
             ... ignited by their inner flame
             ... on level 2 of the Orcish Mines.
             The game lasted 00:46:48 (15033 turns).

jfcaron the Covert (Gnoll Brigand)                 Turns: 15033, Time: 00:46:48

Health: -5/95      AC: 12    Str: 31    XL:     12   Next: 90%
Magic:  19/24      EV: 18    Int: 26    God:    Cheibriados [******]
Gold:   791        SH: 13    Dex: 28    Spells: 19/27 levels left

rFire   . . .        a - +2 Maxwell's thermic engine {flame, freeze, rev}
rCold   + . .        L - +0 kite shield
rNeg    . . .        w - +2 scale mail {rC+}
rPois   .            k - +0 helmet
rElec   .            c - +0 cloak
rCorr   .            (no gloves)
SInv    +            (no boots)
Will    .....        (no amulet)
Stlth   ++++         S - ring of see invisible
HPRegen 0.35/turn    x - ring of wizardry
MPRegen 0.19/turn

%: wizardry (x1)
@: very slow
A: fangs 1, strong nose, distributed training
a: Renounce Religion, Bend Time, Temporal Distortion, Slouch, Step From Time


You were on level 2 of the Orcish Mines.
You worshipped Cheibriados.
Cheibriados was exalted by your worship.
You visited 4 branches of the dungeon, and saw 15 of its levels.
You visited 1 bazaar.
You also visited: Sewer.

You collected 1722 gold pieces.
You spent 931 gold pieces at shops.

Inventory:

Hand Weapons
 a - the +2 Maxwell's thermic engine (weapon) {flame, freeze, rev}
   (You bought it in a shop in a bazaar)
 b - the +11 Singing Sword {sonic wave}
   (You found it on level 5 of the Dungeon)
 l - a +1 whip of electrocution
   (You took it off Pikel on level 9 of the Dungeon)
 V - a +3 vampiric trident
   (You took it off a gnoll sergeant on level 9 of the Dungeon)
Missiles
 d - 14 poisoned darts
 e - 8 curare-tipped darts {!f}
 s - a silver boomerang
 G - 2 javelins
 K - a throwing net {!f}
 P - 11 boomerangs (quivered)
Armour
 c - a +0 cloak (worn)
 f - a +0 tower shield
 k - a +0 helmet (worn)
 w - a +2 scale mail of cold resistance (worn)
   (You found it on level 5 of the Dungeon)
 L - a +0 kite shield (worn)
Magical Staves
 I - a staff of poison
   (You found it on level 6 of the Dungeon)
Jewellery
 i - a ring of positive energy
 x - a ring of wizardry (right hand)
   (You found it on level 5 of the Dungeon)
 S - a ring of see invisible (left hand)
Wands
 H - a wand of flame (5)
 R - a wand of roots (20)
   (You found it on level 7 of the Dungeon)
 Z - a wand of paralysis (2)
Scrolls
 g - 3 scrolls of poison
 h - a scroll of enchant weapon
 A - 3 scrolls of blinking
 D - 2 scrolls of butterflies
 E - 2 scrolls of acquirement {unknown}
 F - a scroll of enchant armour {unknown}
 M - a scroll of fear {unknown}
 Q - 2 scrolls of noise {unknown}
 U - a scroll of silence
 W - a scroll of fog {unknown}
Potions
 j - 3 potions of brilliance
 m - 2 potions of degeneration {unknown}
 n - 3 potions of curing
 o - 2 potions of resistance
 p - 3 potions of heal wounds
 q - 2 potions of magic
 r - 6 potions of might
 v - 3 potions of mutation
 z - 3 potions of haste
 C - 3 potions of flight
 J - a potion of attraction {unknown}
 O - a potion of cancellation {unknown}
 X - a potion of invisibility {unknown}


   Skills:
 + Level 9.3 Fighting
 + Level 9.3 Short Blades
 + Level 8.0 Long Blades
 + Level 8.0 Axes
 + Level 8.0 Maces & Flails
 + Level 8.0 Polearms
 + Level 8.0 Staves
 + Level 8.0 Ranged Weapons
 + Level 9.3 Throwing
 + Level 8.0 Armour
 + Level 8.5 Dodging
 + Level 11.2 Stealth
 + Level 8.0 Shields
 + Level 8.0 Unarmed Combat
 + Level 8.0 Spellcasting
 + Level 6.6 Conjurations
 + Level 6.6 Hexes
 + Level 6.6 Summonings
 + Level 6.6 Necromancy
 + Level 6.6 Translocations
 + Level 6.6 Transmutations
 + Level 6.6 Fire Magic
 + Level 6.6 Ice Magic
 + Level 6.6 Air Magic
 + Level 6.6 Earth Magic
 + Level 6.6 Poison Magic
 + Level 8.8 Invocations
 + Level 8.0 Evocations


You had 19 spell levels left.
You knew the following spells:

 Your Spells              Type           Power      Damage    Failure   Level
a - Blink                 Tloc           90%        N/A       1%          2
b - Frozen Ramparts       Ice            90%        1d14      1%          3
c - Hailstorm             Conj/Ice       45%        3d10      1%          3

Your spell library contained the following spells:

 Spells                   Type           Power      Damage    Failure   Level
 Freeze                   Ice            100%       1d10      1%          1
 Sandblast                Erth           90%        2d19      1%          1
 Dazzling Flash           Conj/Hex       90%        N/A       1%          3
 Manifold Assault         Tloc           45%        N/A       4%          4
 Agony                    Necr           45%        N/A       12%         5
 Irradiate                Conj/Tmut      22%        3d19      12%         5
 Silence                  Hex/Air        22%        N/A       12%         5
 Eringya's Noxious Bog    Tmut/Pois      22%        N/A       52%         6
 Storm Form               Tmut/Air       22%        N/A       97%         7
 Necromutation            Tmut/Necr      22%        N/A       100%        8


Dungeon Overview and Level Annotations

Branches:
Dungeon (11/15)            Temple (1/1) D:4            Lair (1/5) D:8
    Orc (2/2) D:9             Elf (0/3) Orc:2         Sewer (visited)

Altars:
Ashenzari
Cheibriados
Dithmenos
Elyvilon
Fedhas
Gozag
Hepliaklqana
Kikubaaqudgha
Makhleb
Nemelex Xobeh
Okawaru
Qazlal
Ru
Sif Muna
Trog
Uskayaw
Vehumet
Wu Jian
Xom
Yredelemnul
Zin
The Shining One

Shops:
D:6 [   D:7 (   Orc:1 [   Orc:2 :

Annotations:
D:7 bring digging for Zin gold
D:9 come back with Flight


Innate Abilities, Weirdness & Mutations

You have very sharp teeth.
Your uncanny sense of smell can sniff out nearby items.
Your experience applies equally to all skills.


Message History

Aiming: Throw Flame
Press: ? - help, Shift-Dir - straight line, f/p - orc warlord
Aim: an orc warlord, wielding a +0 battleaxe and wearing a +0 plate armour (lightly wounded, inner flame, 85% to hit)
Really fire in your butterfly's direction?
The puff of flame hits your butterfly!
Your butterfly disappears in a burst of colours!
Your butterfly explodes!
The fiery explosion engulfs the orc warlord!
Flame seeps out of the orc warlord.
The orc warlord is lightly wounded.
Your butterfly is engulfed in blazing flames.
Your butterfly disappears in a burst of colours!
Your butterfly explodes!
The fiery explosion engulfs your butterfly!!
You kill your butterfly!
Your butterfly disappears in a burst of colours!
The fiery explosion engulfs your butterfly!!
You kill your butterfly!
Your butterfly disappears in a burst of colours!
The orc warlord is engulfed in blazing flames.
Flame seeps out of the orc warlord.
Your butterfly is engulfed in blazing flames.
You kill your butterfly!
Your butterfly disappears in a burst of colours!
Your butterfly is engulfed in blazing flames.
Your butterfly disappears in a burst of colours!
Your butterfly explodes!
The fiery explosion engulfs you!!
* * * LOW HITPOINT WARNING * * *
The fiery explosion engulfs the orc warlord!
Flame seeps out of the orc warlord.
The orc warlord is moderately wounded.
Your butterfly is engulfed in blazing flames.
You kill your butterfly!
Your butterfly disappears in a burst of colours!
Your butterfly is engulfed in blazing flames.
Your butterfly disappears in a burst of colours!
Your butterfly explodes!
The fiery explosion engulfs you!!
You die...

#...## #...#,,,,..))))o.
##...#####...#_,,,o..8))T.
#....##.....#,,,,.o.o)))) ###
##..........##,8*#o###+## ###.###
#............#∩**,,,*,,,#
#.....###.......bbb..##**,,,*,,,*
.......#.......§§§b...###,,,*,,,*
#..............§§§§§#...#########
###............§@§§§.#...........
#.#.....#.....##§§o§b.....bb.....
........#......b.b#§.............
#.................b###...##.#.#..
.............#......##...###...#.
.............###.#..b##.###......
..............#...#.###.###......
.................).......#.......
...............#####...b.#...o..T


You could see an orc warlord (inner flame).

Vanquished Creatures
  An ettin (Orc:1)
  2 two-headed ogres (D:10)
  An orc high priest (Orc:2)
  3 orc knights
  Pikel (D:9)
  2 orc sorcerers (Orc:1)
  2 cyclopes
  An unseen horror (D:10)
  A rime drake (D:8)
  Psyche (D:10)
  5 trolls
  A hornet (D:9)
  A wyvern (D:10)
  A shadow (D:11)
  A vampire (D:9)
  A wraith (D:9)
  34 yaks
  2 steam dragons (D:8)
  3 wargs
  3 water moccasins
  23 orc warriors
  7 ice beasts
  A sky beast (D:7)
  10 ogres
  A centaur (D:7)
  4 wolves
  4 phantoms
  2 kobold brigands
  2 gnoll sergeants
  A bullfrog (D:7)
  7 scorpions
  3 killer bees (D:9)
  2 electric eels (D:9)
  4 hounds
  The ghost of middlethird the Magician, a weakling VSEE (D:3)
  17 orc priests
  2 gnoll boudas (D:7)
  5 iguanas
  22 orc wizards
  A hell rat (Sewer)
  Robin (D:4)
  19 gnolls
  2 river rats (Sewer)
  13 adders
  3 shadow imps
  A white imp (D:6)
  2 ufetubi (D:6)
  6 worms
  96 orcs
  6 ball pythons
  9 endoplasms
  4 giant cockroaches
  13 goblins
  8 hobgoblins
  10 kobolds
  7 quokkas
  5 bats
  A frilled lizard (D:1)
  A giant cockroach zombie (D:3)
  A quokka zombie (D:3)
  10 rats
404 creatures vanquished.

Notes
Turn   | Place    | Note
-------+----------+-------------------------------------------
     0 | D:1      | jfcaron the Gnoll Brigand began the quest for the Orb.
     0 | D:1      | Reached XP level 1. HP: 20/20 MP: 1/1
   397 | D:1      | Reached XP level 2. HP: 26/26 MP: 2/2
  1061 | D:2      | Reached XP level 3. HP: 31/31 MP: 3/3
  1203 | D:2      | Reached skill level 1 in Invocations
  1380 | D:2      | Reached skill level 1 in Long Blades
  1380 | D:2      | Reached skill level 1 in Axes
  1380 | D:2      | Reached skill level 1 in Maces & Flails
  1380 | D:2      | Reached skill level 1 in Polearms
  1380 | D:2      | Reached skill level 1 in Staves
  1380 | D:2      | Reached skill level 1 in Ranged Weapons
  1380 | D:2      | Reached skill level 1 in Armour
  1380 | D:2      | Reached skill level 1 in Shields
  1380 | D:2      | Reached skill level 1 in Unarmed Combat
  1380 | D:2      | Reached skill level 1 in Spellcasting
  1380 | D:2      | Reached skill level 1 in Evocations
  1423 | D:2      | Reached XP level 4. HP: 34/38 MP: 5/5
  1599 | D:2      | Found a faded altar of an unknown god.
  1968 | D:3      | Reached skill level 1 in Conjurations
  1968 | D:3      | Reached skill level 1 in Hexes
  1968 | D:3      | Reached skill level 1 in Summonings
  1968 | D:3      | Reached skill level 1 in Necromancy
  1968 | D:3      | Reached skill level 1 in Translocations
  1968 | D:3      | Reached skill level 1 in Transmutations
  1968 | D:3      | Reached skill level 1 in Fire Magic
  1968 | D:3      | Reached skill level 1 in Ice Magic
  1968 | D:3      | Reached skill level 1 in Air Magic
  1968 | D:3      | Reached skill level 1 in Earth Magic
  1968 | D:3      | Reached skill level 1 in Poison Magic
  2220 | D:3      | Got the Octavo of the Boulder and Transformation
  2316 | D:3      | Found a runed translucent gate.
  2316 | D:3      | Found a runed translucent gate.
  2316 | D:3      | Found a runed translucent gate.
  2316 | D:3      | Noticed middlethird's ghost (weakling VSEE)
  2318 | D:3      | Found a basalt altar of Yredelemnul.
  2406 | D:4      | Found a staircase to the Ecumenical Temple.
  2415 | Temple   | Entered the Ecumenical Temple
  2421 | Temple   | Became a worshipper of Cheibriados the Contemplative
  2517 | D:4      | Found a glowing drain.
  2521 | Sewer    | Entered a sewer
  2523 | Sewer    | Reached XP level 5. HP: 43/43 MP: 7/7
  2584 | Sewer    | Reached * piety under Cheibriados
  2764 | D:4      | Noticed Robin
  2792 | D:4      | Killed Robin
  2793 | D:4      | Reached skill level 8 in Stealth
  2795 | D:4      | HP: 8/43 [hobgoblin (4)]
  2812 | D:4      | Learned a level 2 spell: Blink
  2957 | D:4      | Reached ** piety under Cheibriados
  3479 | D:5      | Entered Level 5 of the Dungeon
  3479 | D:5      | Noticed a phantom
  3483 | D:5      | Killed a phantom
  3484 | D:5      | Reached skill level 5 in Fighting
  3484 | D:5      | Reached skill level 5 in Short Blades
  3484 | D:5      | Reached skill level 5 in Throwing
  3484 | D:5      | Reached XP level 6. HP: 51/51 MP: 7/9
  3732 | D:5      | Reached XP level 7. HP: 29/56 MP: 10/10
  4012 | D:5      | Found the +11 Singing Sword {sonic wave}
  4386 | D:5      | Found a white marble altar of Elyvilon.
  4503 | D:5      | Reached XP level 8. HP: 39/63 MP: 12/12
  5032 | D:6      | Reached *** piety under Cheibriados
  5615 | D:6      | Found a burning altar of Makhleb.
  5665 | D:6      | Noticed an animated gold dragon scales
  5668 | D:6      | Found Fuuqism's Armour Emporium.
  5669 | D:6      | Noticed an animated crystal plate armour
  5699 | D:6      | Noticed a yak
  6018 | D:6      | Noticed a yak
  6352 | D:7      | Learned a level 3 spell: Frozen Ramparts
  6356 | D:7      | Learned a level 3 spell: Hailstorm
  6388 | D:7      | Found Vaxisuin's Weapon Emporium.
  6396 | D:7      | Bought a stone for 1 gold piece
  6396 | D:7      | Bought 5 stones for 6 gold pieces
  6406 | D:7      | Reached XP level 9. HP: 65/69 MP: 14/14
  6631 | D:7      | Reached skill level 5 in Dodging
  6682 | D:7      | Reached skill level 9 in Stealth
  6854 | D:7      | Found a glowing silver altar of Zin.
  7506 | D:7      | Reached skill level 5 in Invocations
  7679 | D:8      | Reached **** piety under Cheibriados
  7931 | D:8      | Reached skill level 5 in Long Blades
  7931 | D:8      | Reached skill level 5 in Axes
  7931 | D:8      | Reached skill level 5 in Maces & Flails
  7931 | D:8      | Reached skill level 5 in Polearms
  7931 | D:8      | Reached skill level 5 in Staves
  7931 | D:8      | Reached skill level 5 in Ranged Weapons
  7931 | D:8      | Reached skill level 5 in Armour
  7931 | D:8      | Reached skill level 5 in Shields
  7931 | D:8      | Reached skill level 5 in Unarmed Combat
  7931 | D:8      | Reached skill level 5 in Spellcasting
  7931 | D:8      | Reached skill level 5 in Evocations
  7931 | D:8      | Reached XP level 10. HP: 33/77 MP: 9/17
  8359 | D:8      | Found a staircase to the Lair.
  8831 | D:8      | Found an ornate altar of the Wu Jian Council.
  9708 | D:3      | Killed middlethird's ghost
  9922 | D:9      | Reached skill level 5 in Conjurations
  9922 | D:9      | Reached skill level 5 in Hexes
  9922 | D:9      | Reached skill level 5 in Summonings
  9922 | D:9      | Reached skill level 5 in Necromancy
  9922 | D:9      | Reached skill level 5 in Translocations
  9922 | D:9      | Reached skill level 5 in Transmutations
  9922 | D:9      | Reached skill level 5 in Fire Magic
  9922 | D:9      | Reached skill level 5 in Ice Magic
  9922 | D:9      | Reached skill level 5 in Air Magic
  9922 | D:9      | Reached skill level 5 in Earth Magic
  9922 | D:9      | Reached skill level 5 in Poison Magic
  9926 | D:9      | Reached XP level 11. HP: 76/85 MP: 7/20
  9930 | D:9      | Reached skill level 10 in Stealth
 10061 | D:9      | Reached ***** piety under Cheibriados
 10205 | D:9      | Found a glowing golden altar of the Shining One.
 10309 | D:9      | Noticed Pikel
 10316 | D:9      | Killed Pikel
 10766 | D:9      | Found an iron altar of Okawaru.
 10988 | D:9      | Found a staircase to the Orcish Mines.
 11151 | D:9      | Paralysed by a gnoll sergeant for 3 turns
 11155 | D:9      | HP: 11/86 [gnoll sergeant/+3 trident of venom (13)]
 11166 | D:9      | HP: 17/86 [poisoned by a gnoll sergeant]
 11617 | D:10     | Entered Level 10 of the Dungeon
 11790 | D:10     | Noticed a two-headed ogre
 11796 | D:10     | Killed a two-headed ogre
 11817 | D:10     | Noticed a two-headed ogre
 11824 | D:10     | Killed a two-headed ogre
 12286 | D:10     | You fall into a shaft and drop 1 floor!
 12296 | D:11     | Noticed a cyclops
 12305 | D:11     | Killed a cyclops
 12353 | D:10     | Reached XP level 12. HP: 87/94 MP: 19/22
 12443 | D:10     | Noticed Psyche
 12447 | D:10     | Killed Psyche
 12447 | D:10     | Reached ****** piety under Cheibriados
 12922 | Lair:1   | Entered Level 1 of the Lair of Beasts
 13019 | Orc:1    | Entered Level 1 of the Orcish Mines
 13245 | Orc:2    | Entered Level 2 of the Orcish Mines
 13317 | Orc:2    | Found a flickering gateway to a bazaar.
 13333 | Orc:2    | Found a staircase to the Elven Halls.
 13339 | Bazaar   | Entered a bazaar
 13406 | Bazaar   | Found Tumma's Weapon Shop.
 13425 | Bazaar   | Found Biuh Ror's Magic Scroll Boutique.
 13425 | Bazaar   | Found Naufut's Book Shop.
 13452 | Bazaar   | Found Adghis's Distillery.
 13479 | Bazaar   | Bought the +2 Maxwell's thermic engine {flame, freeze, rev}
                  | for 836 gold pieces
 13479 | Bazaar   | Found the +2 Maxwell's thermic engine {flame, freeze, rev}
 13492 | Bazaar   | Bought a potion of heal wounds for 55 gold pieces
 13492 | Bazaar   | Bought a potion of flight for 33 gold pieces
 13942 | Orc:1    | Noticed an ettin
 13950 | Orc:1    | Killed an ettin
 14003 | Orc:1    | Reached skill level 11 in Stealth
 14073 | Orc:1    | Found Rime's Antique Armour Emporium.
 14655 | Orc:2    | Noticed an orc high priest
 14662 | Orc:2    | Killed an orc high priest
 14663 | Orc:2    | Found Pomytip's Book Emporium.
 14989 | Orc:2    | Noticed an orc warlord
 14993 | Orc:2    | HP: 11/95 [troll[an orc warlord] (12)]
 15033 | Orc:2    | HP: 16/95 [spore (21)]
 15033 | Orc:2    | Killed by an exploding butterfly... ignited by their inner
                  | flame

Illustrated notes

Levels and vault maps discovered:
D:1:      heliophobic_arrival_dark_side_of_the_moon, layout_loops_corners,
          serial_bayou_lake_a
D:2:      layout_rooms, chequers_ecumenical_altar_grove,
          kennysheep_generic_room_15
D:3:      layout_rooms, nicolae_yredelemnul_ghost_church,
          nicolae_kite_square_tiling_tiny
D:4:      layout_cave_pools, minmay_temple_entry_waves, gup_sewer_entry_spiral,
          chequers_big_river, uniq_robin
D:5:      old_forge, layout_loops_corners, lemuel_round_altar
D:6:      kennysheep_spiral_hall, layout_basic,
          mainiacjoe_overflow_six_doors_small, serial_shops,
          nicolae_shop_mannequins, minmay_fractal_squares_gapless_5
D:7:      layout_loops_cross, zin_treasury, serial_shops, nicolae_diamond_shop
D:8:      layout_basic, kennysheep_mini_moat, hellmonk_lair_entry_icy
D:9:      layout_loops_ring, tso_metal_star, mainiacjoe_overflow_paths,
          erik_orc_2, kennysheep_decorative_pillar, hangedman_decor_growths,
          uniq_pikel
D:10:     layout_basic, uniq_psyche
D:11:     layout_rooms
Temple:   nicolae_temple_no_exploring_needed
Lair:1:   layout_small_grid, gammafunk_ghost_ooze, infiniplex_staircase_pool_2
Orc:1:    layout_diamond_mine, basic_altar, serial_shops, shop,
          minmay_orc_barracks
Orc:2:    grunt_orc_community_town_hall, layout_caves,
          grunt_orc_community_big_house_1, grunt_orc_community_big_house_2,
          grunt_orc_community_house_2, grunt_orc_community_house_3,
          grunt_orc_community_house_1, grunt_orc_community_house_2,
          grunt_orc_community_house_2, serial_shops, bzr_entry_customers

Skill      XL: |  1  2  3  4  5  6  7  8  9 10 11 12 |
---------------+-------------------------------------+-----
Invocations    | 1 2 3 4 5 6 7 8 |  8.8
Long Blades    | 1 2 3 5 6 7 8 |  8.0
Axes           | 1 2 3 5 6 7 8 |  8.0
Maces & Flails | 1 2 3 5 6 7 8 |  8.0
Polearms       | 1 2 3 5 6 7 8 |  8.0
Staves         | 1 2 3 5 6 7 8 |  8.0
Ranged Weapons | 1 2 3 5 6 7 8 |  8.0
Armour         | 1 2 3 5 6 7 8 |  8.0
Shields        | 1 2 3 5 6 7 8 |  8.0
Unarmed Combat | 1 2 3 5 6 7 8 |  8.0
Spellcasting   | 1 2 3 5 6 7 8 |  8.0
Evocations     | 1 2 3 5 6 7 8 |  8.0
Conjurations   | 1 2 3 4 5 6 |  6.6
Hexes          | 1 2 3 4 5 6 |  6.6
Summonings     | 1 2 3 4 5 6 |  6.6
Necromancy     | 1 2 3 4 5 6 |  6.6
Translocations | 1 2 3 4 5 6 |  6.6
Transmutations | 1 2 3 4 5 6 |  6.6
Fire Magic     | 1 2 3 4 5 6 |  6.6
Ice Magic      | 1 2 3 4 5 6 |  6.6
Air Magic      | 1 2 3 4 5 6 |  6.6
Earth Magic    | 1 2 3 4 5 6 |  6.6
Poison Magic   | 1 2 3 4 5 6 |  6.6
Dodging        | 3 4 5 6 7 8 |  8.5
Stealth        | 8 9 10 11 | 11.2
Fighting       | 5 6 7 8 9 |  9.3
Short Blades   | 5 6 7 8 9 |  9.3
Throwing       | 5 6 7 8 9 |  9.3

Action                     |  1- 3 |  4- 6 |  7- 9 | 10-12 || total
---------------------------+-------+-------+-------+-------++-------
  Melee: Dagger            |    68 |   202 |   316 |   257 ||   843
         Bite              |     6 |    22 |    49 |    86 ||   163
         Punch             |       |     4 |     5 |       ||     9
         Trident           |       |       |       |    96 ||    96
         Double sword      |       |       |       |    73 ||    73
  Throw: Dart              |     6 |    30 |    76 |    68 ||   180
         Stone             |       |    31 |       |    72 ||   103
         Javelin           |       |       |     4 |     4 ||     8
         Boomerang         |       |       |       |    73 ||    73
   Cast: Hailstorm         |       |       |    18 |    47 ||    65
         Frozen Ramparts   |       |       |    13 |    51 ||    64
         Blink             |       |       |     1 |     1 ||     2
 Invoke: Slouch            |       |       |       |     1 ||     1
  Evoke: Wand              |       |       |     9 |     9 ||    18
    Use: Scroll            |       |    12 |     2 |     8 ||    22
         Potion            |       |     1 |     2 |     2 ||     5
   Stab: Sleeping          |    13 |    14 |     6 |     5 ||    38
         Paralysed         |       |       |       |     3 ||     3
         Distracted        |       |       |       |     1 ||     1
 Armour: Robe              |     4 |       |       |       ||     4
         Leather armour    |     4 |    42 |    77 |    23 ||   146
         Ring mail         |     4 |       |       |       ||     4
         Scale mail        |       |       |       |    69 ||    69
  Dodge: Dodged            |    27 |    95 |   196 |   199 ||   517
  Block: Kite shield       |       |       |    49 |   266 ||   315

Table legend: (Time is in decaauts)
 A = Elapsed time spent in this place.
 B = Non-inter-level travel time spent in this place.
 C = Inter-level travel time spent in this place.
 D = Time resting spent in this place.
 E = Time spent auto-exploring this place.
 F = Levels seen in this place.
 G = Mean time per level.
                   A        B        C        D        E       F      G
               +--------+--------+--------+--------+--------+-----+--------+
         Total |  20349 |  18494 |   1855 |   1618 |  13256 |  17 | 1197.0 |
       Dungeon |  17112 |  15473 |   1639 |   1426 |  11286 |  11 | 1555.6 |
        Temple |     14 |     14 |      0 |      0 |      0 |   1 |   14.0 |
          Lair |      1 |      1 |      0 |      0 |      0 |   1 |    1.0 |
  Orcish Mines |   2809 |   2593 |    216 |    192 |   1714 |   2 | 1404.5 |
        Bazaar |    262 |    262 |      0 |      0 |    194 |   1 |  262.0 |
         Sewer |    149 |    149 |      0 |      0 |     61 |   1 |  149.0 |
               +--------+--------+--------+--------+--------+-----+--------+

Top non-repeatable levels by time:
     D:9: 2573 daAuts
     D:7: 2433 daAuts
     D:6: 2206 daAuts
    D:10: 2082 daAuts
     D:5: 2074 daAuts
     D:8: 1821 daAuts
   Orc:2: 1728 daAuts
     D:4: 1363 daAuts
     D:1: 1111 daAuts
   Orc:1: 1081 daAuts
     D:2: 729 daAuts
     D:3: 664 daAuts
  Bazaar: 262 daAuts
   Sewer: 149 daAuts
    D:11: 52 daAuts

Table legend:
 A = Kills in this place as a percentage of kills in the entire game.
 B = Kills by you in this place as a percentage of kills by you in the entire game.
 C = Kills by friends in this place as a percentage of kills by friends in the entire game.
 D = Other kills in this place as a percentage of other kills in the entire game.
 E = Experience gained in this place as a percentage of experience gained in the entire game.
 F = Experience gained in this place divided by the number of levels of this place that you have seen.
                   A       B       C       D       E      F
               +-------+-------+-------+-------+-------+----------------------
         Total | 100.0 | 100.0 |   N/A |   N/A | 100.0 | 1808.8
       Dungeon |  68.7 |  68.7 |   N/A |   N/A |  62.2 | 1737.6
  Orcish Mines |  29.8 |  29.8 |   N/A |   N/A |  37.6 | 5786.5
         Sewer |   1.5 |   1.5 |   N/A |   N/A |   0.2 |  63.0
               +-------+-------+-------+-------+-------+----------------------

Levels and vault maps discovered:
D:1:      heliophobic_arrival_dark_side_of_the_moon, layout_loops_corners,
          serial_bayou_lake_a
D:2:      layout_rooms, chequers_ecumenical_altar_grove,
          kennysheep_generic_room_15
D:3:      layout_rooms, nicolae_yredelemnul_ghost_church,
          nicolae_kite_square_tiling_tiny
D:4:      layout_cave_pools, minmay_temple_entry_waves, gup_sewer_entry_spiral,
          chequers_big_river, uniq_robin
D:5:      old_forge, layout_loops_corners, lemuel_round_altar
D:6:      kennysheep_spiral_hall, layout_basic,
          mainiacjoe_overflow_six_doors_small, serial_shops,
          nicolae_shop_mannequins, minmay_fractal_squares_gapless_5
D:7:      layout_loops_cross, zin_treasury, serial_shops, nicolae_diamond_shop
D:8:      layout_basic, kennysheep_mini_moat, hellmonk_lair_entry_icy
D:9:      layout_loops_ring, tso_metal_star, mainiacjoe_overflow_paths,
          erik_orc_2, kennysheep_decorative_pillar, hangedman_decor_growths,
          uniq_pikel
D:10:     layout_basic, uniq_psyche
D:11:     layout_rooms
Temple:   nicolae_temple_no_exploring_needed
Lair:1:   layout_small_grid, gammafunk_ghost_ooze, infiniplex_staircase_pool_2
Orc:1:    layout_diamond_mine, basic_altar, serial_shops, shop,
          minmay_orc_barracks
Orc:2:    grunt_orc_community_town_hall, layout_caves,
          grunt_orc_community_big_house_1, grunt_orc_community_big_house_2,
          grunt_orc_community_house_2, grunt_orc_community_house_3,
          grunt_orc_community_house_1, grunt_orc_community_house_2,
          grunt_orc_community_house_2, serial_shops, bzr_entry_customers
